 Dungeon Crawl Stone Soup version 0.32-a0-132-g2d33c3cfaf (webtiles) character file.

Game seed: 2596478662629359756

175 Bravepunisher the Ducker (level 5, -2/28 HPs)
             Began as a Spriggan Monk on Feb 9, 2024.
             Killed from afar by a white imp (13 damage)
             ... with a puff of frost
             ... on level 6 of the Dungeon.
             The game lasted 00:05:25 (1475 turns).

Bravepunisher the Ducker (Spriggan Monk)            Turns: 1475, Time: 00:05:26

Health: -2/28      AC:  3    Str:  7    XL:     5   Next: 29%
Magic:  6/6        EV:  4    Int: 11    God:
Gold:   50         SH:  0    Dex: 20    Spells: 4/4 levels left

rFire   . . .        i - +2 whip (drain)
rCold   . . .        (no shield)
rNeg    . . .        b - +1 robe
rPois   .            (helmet restricted)
rElec   .            (no cloak)
rCorr   .            (gloves unavailable)
SInv    +            (boots unavailable)
Will    .....        (no amulet)
Stlth   ++           (no ring)
HPRegen 0.24/turn    (no ring)
MPRegen 0.10/turn

%: no passive effects
@: sleeping, very quick
A: very small, no large weapons, unfitting armour, see invisible, speed 3
a: no special abilities


You were on level 6 of the Dungeon.
You visited 1 branch of the dungeon, and saw 7 of its levels.

You collected 50 gold pieces.

Inventory:

Hand Weapons
 i - a +2 whip of draining (weapon)
Armour
 b - a +1 robe (worn)
Jewellery
 f - an amulet of faith
Scrolls
 a - a scroll of enchant weapon {unknown}
 e - 2 scrolls of identify {unknown}
 g - 2 scrolls of vulnerability
 j - a scroll of teleportation {unknown}
 k - a scroll of noise {unknown}
 l - a scroll of amnesia {unknown}
Potions
 c - a potion of ambrosia
 d - a potion of brilliance
 h - 2 potions of curing
 m - a potion of mutation {unknown}


   Skills:
 + Level 3.5 Fighting
 - Level 3.2 Short Blades
 * Level 6.9 Dodging


You had 4 spell levels left.
You didn't know any spells.
Your spell library contained the following spells:

 Spells                   Type           Power      Damage    Failure   Level
 Scorch                   Fire           0%         2d5       47%         2
 Searing Ray              Conj           0%         2d4       47%         2
 Volatile Blastmotes      Fire/Tloc      0%         2d10      71%         3
 Fulminant Prism          Conj/Alch      0%         3d5       98%         4
 Iskenderun's Mystic Bla  Conj/Tloc      0%         2d3       98%         4


Dungeon Overview and Level Annotations

Branches:
Dungeon (7/15)             Temple (0/1) D:6

Altars:

Shops:
D:5 [

Annotations:
D:3 2 transporters, Sigmund; boberto's ghost, amateur DsCK


Innate Abilities, Weirdness & Mutations

You are very small and have problems with some larger weapons.
You are too small for most types of armour.
You have supernaturally acute eyesight. (SInv)
You cover ground extremely quickly. (Speed+++)


Message History

There is an entrance to Ydeant's Armour Emporium here.
There is a stone staircase leading down here.
You climb downwards.
Found a dented emerald amulet.
There is a stone staircase leading up here.
Found a book of Blasting.
n - an amulet of magic regeneration You drop an amulet of magic regeneration.
You pick up a book of Blasting and begin reading...
You add the spells Volatile Blastmotes, Fulminant Prism and Iskenderun's Mystic Blast to your library.
Found a stone staircase leading down.
There is a stone staircase leading down here.
You climb downwards.
You hear the roar of battle.
There is an entrance to a bailey on this level.
Hurry and find it before the portal closes forever!
Found 17 gold pieces.
Found a stone staircase leading up.
There is a stone staircase leading up here.
Found 21 gold pieces.
There is a stone staircase leading up here.
You climb upwards.
Found a scroll of enchant armour.
There is a stone staircase leading down here.
A shadow imp comes into view.
The shadow imp shouts!
An ice beast comes into view.
Found a staircase to the Ecumenical Temple.
You see here a scroll of enchant armour.
A sleepcap comes into view.
The shadow imp puffs mist at you.
Found a robe.
A white imp comes into view.
The white imp shouts, "Scamper home, thou foppish moon-mazed sissy-prig!"
The white imp gestures at you. The puff of frost hits you!
The sleepcap releases spores at you!
You are engulfed in a cloud of soporific spores!
You fall asleep.
The sleepcap barely misses you. The white imp gestures at you.
The puff of frost hits you!
You die...

#...<#.#.
.#...#...#....#######.#.
.....#.⌠.#...... ..#.
#.###5..###.....# ###.
#[..............# #.
##..⌠..>..⌠......# ..
.................# .##
...###..f###.....# #
.....#.@.#......#####.#
.....#...#..........#.#
##.......5Y...?.##....#
#####.....##...##..#
#.######.......# ...
.........>.# ####
##########.# +#


You could see an ice beast, a sleepcap, a white imp and a shadow imp.

Vanquished Creatures
  A phantom (D:5)
  A scorpion (D:5)
  2 adders (D:4)
  A dart slug (D:4)
  A ball python (D:1)
  2 endoplasms
  2 goblins
  3 hobgoblins (D:4)
  3 kobolds
  A quokka (D:2)
  2 bats (D:3)
  3 rats
22 creatures vanquished.

Notes
Turn   | Place    | Note
-------+----------+-------------------------------------------
     0 | D:1      | Bravepunisher the Spriggan Monk began the quest for the
                  | Orb.
     0 | D:1      | Reached XP level 1. HP: 11/11 MP: 2/2
   408 | D:3      | Noticed Sigmund
   415 | D:3      | Found a transporter.
   424 | D:3      | Reached XP level 2. HP: 16/16 MP: 3/3
   476 | D:3      | Found a transporter.
   505 | D:3      | Noticed boberto's ghost (amateur DsCK)
   834 | D:4      | Reached skill level 5 in Dodging
   854 | D:4      | Reached XP level 3. HP: 14/19 MP: 4/4
  1028 | D:5      | Entered Level 5 of the Dungeon
  1046 | D:5      | Noticed a scorpion
  1059 | D:5      | Killed a scorpion
  1060 | D:5      | Reached skill level 6 in Dodging
  1060 | D:5      | Reached XP level 4. HP: 24/24 MP: 5/5
  1134 | D:5      | Noticed a phantom
  1170 | D:5      | Killed a phantom
  1171 | D:5      | Reached XP level 5. HP: 8/28 MP: 6/6
  1283 | D:5      | Got the Tome of Burning Fulmination
  1308 | D:5      | Noticed an ice beast
  1412 | D:5      | Found Ydeant's Armour Emporium.
  1465 | D:6      | Noticed an ice beast
  1466 | D:6      | Found a staircase to the Ecumenical Temple.
  1475 | D:6      | Killed from afar by a white imp

Illustrated notes

Levels and vault maps discovered:
D:1:      sevenhm_arrival_forest_fort_small_6, layout_basic
D:2:      minmay_door_path, layout_loops_ring
D:3:      layout_basic, gammafunk_ghost_mausoleum,
          ebering_dispersal_statue_hall, dk_vineyard_1, uniq_sigmund,
          uniq_robin, uniq_grinder
D:4:      layout_loops_corners, uniq_edmund
D:5:      minmay_chambers_of_threes, layout_loops_cross, serial_shops,
          nicolae_shop_just_a_little_nook
D:6:      layout_basic, minmay_temple_entry_junction_2, hex_large
D:7:      kennysheep_housing_project, layout_rooms, enter_bailey_3

Skill      XL: |  1  2  3 |
---------------+----------+-----
Dodging        | 5 6 |  6.9
Fighting       | 3 |  3.5
Short Blades   | |  3.2

Action                     |  1- 3 |  4- 6 || total
---------------------------+-------+-------++-------
  Melee: Short sword       |    36 |       ||    36
         Whip              |    28 |    34 ||    62
         Punch             |     1 |       ||     1
    Use: Scroll            |     3 |       ||     3
         Potion            |     2 |       ||     2
   Stab: Sleeping          |     1 |       ||     1
 Armour: Robe              |    25 |    12 ||    37
  Dodge: Dodged            |   106 |    33 ||   139

Table legend: (Time is in decaauts)
 A = Elapsed time spent in this place.
 B = Non-inter-level travel time spent in this place.
 C = Inter-level travel time spent in this place.
 D = Time resting spent in this place.
 E = Time spent auto-exploring this place.
 F = Levels seen in this place.
 G = Mean time per level.
                   A        B        C        D        E       F      G
               +--------+--------+--------+--------+--------+-----+--------+
         Total |    991 |    991 |      0 |      0 |    490 |   7 |  141.6 |
       Dungeon |    991 |    991 |      0 |      0 |    490 |   7 |  141.6 |
               +--------+--------+--------+--------+--------+-----+--------+

Top non-repeatable levels by time:
     D:5: 296 daAuts
     D:4: 270 daAuts
     D:1: 211 daAuts
     D:3: 132 daAuts
     D:2: 48 daAuts
     D:6: 29 daAuts
     D:7: 4 daAuts
